 Dungeon Crawl Stone Soup version 0.30-b1-2-g02819fbbbe (webtiles) character file.

Game seed: 1867292658540497833

2694 dondy the Cleaver (level 9, -1/71 HPs)
             Began as a Hill Orc Monk on Aug 14, 2023.
             Slain by an orc warrior
             ... wielding a +0 trident
              (2 damage)
             ... in a bailey.
             The game lasted 00:17:01 (3813 turns).

dondy the Cleaver (Hill Orc Monk)                   Turns: 3813, Time: 00:17:01

Health: -1/71      AC: 20    Str: 18    XL:     9   Next: 65%
Magic:  9/9        EV:  9    Int: 10    God:
Gold:   430        SH:  0    Dex: 13    Spells: 8/8 levels left

rFire   . . .        a - +0 war axe
rCold   . . .        d - orb {light}
rNeg    . . .        D - +0 chain mail of the Hidden Vale {rElec Regen+}
rPois   .            x - +0 helmet
rElec   +            O - +0 cloak
rCorr   .            p - +2 pair of gloves
SInv    +            (no boots)
Will    .....        (no amulet) Stlth
                     G - +4 ring of protection
HPRegen 1.11/turn    M - ring of see invisible
MPRegen 0.11/turn

%: no passive effects
@: confused, ambrosia-drunk, glowing
A: no striking features
a: no special abilities


You were in a bailey.
You visited 1 branch of the dungeon, and saw 7 of its levels.
You also visited: Sewer, Ossuary and Bailey.

You collected 430 gold pieces.

Inventory:

Hand Weapons
 a - a +0 war axe (weapon)
 b - a +1 hand axe of flaming
 B - a +5 heavy scythe
Missiles
 z - 4 poisoned darts
 L - a silver javelin
 N - a boomerang of dispersal (quivered)
Armour
 d - an orb of light (worn)
 p - a +2 pair of gloves (worn)
 x - a +0 helmet (worn)
 D - the +0 chain mail of the Hidden Vale (worn) {rElec Regen+}
   (You found it on level 5 of the Dungeon)

   rElec:     It insulates you from electricity.
   Regen:     It increases your rate of health regeneration.
 O - a +0 cloak (worn)
 R - a +0 crystal plate armour
Jewellery
 G - a +4 ring of protection (left hand)
 M - a ring of see invisible (right hand)
Wands
 w - a wand of polymorph (14)
 Q - a wand of light (6)
Scrolls
 e - 10 scrolls of identify {unknown}
 h - 4 scrolls of butterflies {unknown}
 j - 5 scrolls of enchant weapon {unknown}
 k - 4 scrolls of teleportation {unknown}
 n - a scroll of blinking {unknown}
 o - 2 scrolls of enchant armour {unknown}
 r - a scroll of fear {unknown}
 s - 2 scrolls of silence {unknown}
 t - 3 scrolls of amnesia {unknown}
 y - 2 scrolls of torment {unknown}
 C - a scroll of immolation {unknown}
 F - a scroll of brand weapon {unknown}
 H - 2 scrolls of fog {unknown}
 I - a scroll of vulnerability {unknown}
 P - 2 scrolls of magic mapping {unknown}
Potions
 f - a potion of magic {unknown}
 g - 3 potions of curing {unknown}
 i - 3 potions of attraction {unknown}
 l - 2 potions of brilliance {unknown}
 m - 5 potions of heal wounds {unknown}
 q - 6 potions of cancellation {unknown}
 u - a potion of degeneration {unknown}
 v - a potion of mutation {unknown}
 A - 3 potions of flight
 E - a potion of might {unknown}
 J - 4 potions of haste {unknown}
 K - a potion of invisibility {unknown}


   Skills:
 - Level 4.0 Fighting
 * Level 14.5 Axes
 + Level 6.8 Armour
 - Level 3.0 Dodging


You had 8 spell levels left.
You didn't know any spells.
Your spell library contained the following spells:

 Spells                   Type           Power      Damage    Failure   Level
 Blink                    Tloc           0%         N/A       99%         2
 Ensorcelled Hibernation  Hex/Ice        0%         N/A       99%         2
 Lesser Beckoning         Tloc           0%         N/A       99%         2
 Momentum Strike          Conj/Tloc      0%         3d8       99%         2
 Spider Form              Tmut/Pois      0%         N/A       100%        3
 Anguish                  Hex/Necr       0%         N/A       100%        4
 Sticky Flame             Conj/Fire      0%         2d3       100%        4
 Orb of Destruction       Conj           0%         9d5       100%        7
 Fire Storm               Conj/Fire      0%         5d1       100%        9


Dungeon Overview and Level Annotations

Branches:
Dungeon (7/15)             Temple (0/1) D:5           Sewer (visited)
Ossuary (visited)          Bailey (1/1)

Altars:
Ashenzari
Nemelex Xobeh
Trog
Uskayaw
Vehumet
Xom
Yredelemnul
Zin
The Shining One

Shops:
D:3 [(*

Annotations:
D:5 2 transporters
D:6 1 exclusion


Message History

The orc knight is almost dead.
The orc knight hits you with a +0 glaive!!
The orc barely misses you.
You hit the orc knight but do no damage.
The orc knight is almost dead.
The orc warrior closely misses you. The orc hits you but does no damage.
You catch the helpless orc knight completely off-guard!
You hit the orc knight.
The orc knight is almost dead.
The orc warrior closely misses you.
The orc hits you from afar with a +0 trident.
* * * LOW HITPOINT WARNING * * *
Unknown command.
You hit the orc knight.
The orc knight is almost dead.
You completely miss the orc knight.
The orc knight is almost dead.
The orc no longer looks unusually strong.
The orc knight is no longer blind.
The orc knight hits you with a +0 glaive!
* * * LOW HITPOINT WARNING * * *
The orc warrior hits you but does no damage.
The orc barely misses you.
You are confused.
You feel invigorated.
You float gracefully downwards.
The orc knight hits you with a +0 glaive!
* * * LOW HITPOINT WARNING * * *
The orc warrior hits you but does no damage.
The orc hits you but does no damage.
The orc knight hits you with a +0 glaive.
* * * LOW HITPOINT WARNING * * *
You nearly stumble into some deep water!
The orc knight hits you but does no damage.
The orc warrior hits you from afar with a +0 trident.
* * * LOW HITPOINT WARNING * * *
You're too confused to move!
The orc knight hits you with a +0 glaive!
* * * LOW HITPOINT WARNING * * *
The orc warrior hits you from afar with a +0 trident.
You die...

♣♣............♣.#
#♣..♣.♣.).....♣♣.###
#≈≈.....[..........♣♣
#≈≈≈....#[...#.o....♣♣
#≈≈≈≈≈≈≈#....#≈≈≈≈...♣
#≈≈≈≈≈≈≈#...o#≈≈≈≈≈≈.♣
#≈≈≈≈≈≈≈#[.[o#≈≈≈≈≈≈≈♣♣#
#♣♣≈≈≈≈≈#..).#≈≈≈≈≈≈≈≈≈#
♣♣♣♣...#....#.@.≈≈≈≈≈≈#
♣....♣.....oo.o...≈≈≈≈#
...................≈≈≈#
..####....)...####..≈≈#
#$.####''####. ♣♣♣♣#
#..............
##...8....8...#
#..########..# #. .#


You could see an orc knight, 2 orc warriors and an orc.

Vanquished Creatures
  Sigmund (D:6)
  2 water moccasins
  8 orc warriors
  A sky beast (D:7)
  A black bear (D:6)
  An ice beast (D:7)
  An ogre (D:6)
  A phantom (D:5)
  2 elf zombies (Ossuary)
  2 bullfrogs (Sewer)
  A scorpion (D:5)
  2 jellies
  4 hounds (D:5)
  4 human zombies (Ossuary)
  An iguana (D:6)
  Jessica (D:3)
  3 orc wizards
  A hound zombie (Ossuary)
  4 mummies (Ossuary)
  Robin (D:3)
  4 gnolls
  6 adders
  7 river rats (Sewer)
  3 worms
  2 dart slugs
  16 orcs
  10 endoplasms
  2 giant cockroaches (D:3)
  21 goblins
  9 hobgoblins
  3 kobolds
  2 quokkas
  18 ball pythons
  5 bats
  3 frilled lizards (Sewer)
  A jackal zombie (Ossuary)
  A kobold zombie (Ossuary)
  2 orc zombies (Ossuary)
  26 rats
  A rat zombie (Ossuary)
184 creatures vanquished.

Vanquished Creatures (others)
  9 plants (D:3)
9 creatures vanquished.

Grand Total: 193 creatures vanquished

Notes
Turn   | Place    | Note
-------+----------+-------------------------------------------
     0 | D:1      | dondy the Hill Orc Monk began the quest for the Orb.
     0 | D:1      | Reached XP level 1. HP: 19/19 MP: 1/1
   143 | D:1      | Reached XP level 2. HP: 16/27 MP: 2/2
   488 | D:1      | Reached XP level 3. HP: 28/33 MP: 3/3
   851 | D:2      | Found a glowing golden altar of the Shining One.
   910 | D:2      | Reached skill level 5 in Axes
   920 | D:2      | Found a faded altar of an unknown god.
  1005 | D:3      | Found Plog's Antique Armour Emporium.
  1176 | D:3      | Reached XP level 4. HP: 36/40 MP: 4/4
  1219 | D:3      | Found a bloodstained altar of Trog.
  1234 | D:3      | Noticed Jessica
  1236 | D:3      | Killed Jessica
  1237 | D:3      | Reached skill level 6 in Axes
  1262 | D:3      | Reached XP level 5. HP: 46/46 MP: 5/5
  1263 | D:3      | Found Were's Assorted Antiques.
  1285 | D:3      | Noticed Robin
  1294 | D:3      | Killed Robin
  1516 | D:4      | Noticed a water moccasin
  1588 | D:3      | Found a basalt altar of Yredelemnul.
  1588 | D:3      | Found a glowing silver altar of Zin.
  1704 | D:3      | Found Daus's Weapon Shop.
  1811 | D:4      | Reached skill level 7 in Axes
  1992 | D:5      | Entered Level 5 of the Dungeon
  1996 | D:5      | Reached skill level 8 in Axes
  1996 | D:5      | Reached XP level 6. HP: 52/52 MP: 6/6
  1998 | D:5      | Identified the +0 chain mail of the Hidden Vale {rElec
                  | Regen+}
  2026 | D:5      | Found a transporter.
  2065 | D:5      | Found a shimmering altar of Xom.
  2103 | D:5      | Noticed a water moccasin
  2116 | D:5      | Killed a water moccasin
  2117 | D:5      | Reached skill level 9 in Axes
  2128 | D:5      | Found a staircase to the Ecumenical Temple.
  2141 | D:5      | Found a radiant altar of Vehumet.
  2149 | D:5      | Found a glowing drain.
  2161 | Sewer    | Entered a sewer
  2268 | Sewer    | Reached skill level 1 in Armour
  2271 | Sewer    | Reached XP level 7. HP: 59/59 MP: 7/7
  2414 | Sewer    | Reached skill level 10 in Axes
  2538 | D:5      | Found a transporter.
  2577 | D:5      | Found a hide-covered altar of Uskayaw.
  2727 | D:5      | Reached XP level 8. HP: 65/66 MP: 8/8
  2799 | D:6      | Reached skill level 11 in Axes
  2838 | D:6      | Found a sparkling altar of Nemelex Xobeh.
  2877 | D:6      | Found a sand-covered staircase.
  2887 | Ossuary  | Entered an ossuary
  2908 | Ossuary  | Reached skill level 12 in Axes
  2923 | Ossuary  | Reached skill level 5 in Armour
  3070 | Ossuary  | Got Vehumet's Almanac of Fulmination
  3159 | D:6      | Found Qim Luorr's Firing Range.
  3319 | D:6      | Reached XP level 9. HP: 66/71 MP: 9/9
  3342 | D:6      | Noticed Sigmund
  3353 | D:6      | Killed Sigmund
  3354 | D:6      | Reached skill level 13 in Axes
  3389 | D:6      | Found a broken altar of Ashenzari.
  3508 | D:7      | Found a flagged portal.
  3542 | Bailey   | Entered a bailey
  3734 | Bailey   | Reached skill level 14 in Axes
  3766 | Bailey   | Noticed an orc knight
  3810 | Bailey   | HP: 2/71 [orc knight/+0 glaive (9)]
  3813 | Bailey   | Slain by an orc warrior

Illustrated notes

Levels and vault maps discovered:
D:1:      sevenhm_arrival_forest_fort_large_4, layout_rooms
D:2:      layout_loops_ring, hellmonk_ecumenical_altar_lost_god, basic_altar
D:3:      layout_loops_ring, gammafunk_temple_overflow_statue,
          trog_three_pillars_becter, serial_shops, nicolae_shop_back_alley_shop,
          shop, nicolae_lakefront_shop, st_stairs_9, serial_bayou_ford_a,
          uniq_jessica, uniq_robin
D:4:      layout_cave_pools, nicolae_tso_besieged_by_evil, uniq_menkaure
D:5:      gammafunk_steamed_eel, layout_cave_pools, lemuel_crystal_altar,
          mainiacjoe_overflow_boulevard, mainiacjoe_overflow_big_doors,
          minmay_temple_entry_enclosed_plants, cheibrodos_sewer_entry_sluice
D:6:      layout_rooms, nemelex_spade_bored_becter,
          mainiacjoe_overflow_concentric_impassable, enter_ossuary_5,
          dreamdust_princess_corridor, st_stairs_8, nicolae_shop_firing_range,
          uniq_sigmund
D:7:      layout_loops_ring, nicolae_ru_awakened_eye, enter_bailey_5,
          uniq_maggie
Bailey:   bailey_polearm_elven_captive_hellmonk, bailey

Skill      XL: |  1  2  3  4  5  6  7  8  9 |
---------------+----------------------------+-----
Fighting       | 4 |  4.0
Axes           | 5 6 8 9 10 12 14 | 14.5
Dodging        | 3 |  3.0
Armour         | 1 3 5 6 |  6.8

Action                     |  1- 3 |  4- 6 |  7- 9 || total
---------------------------+-------+-------+-------++-------
  Melee: Hand axe          |    47 |       |       ||    47
         War axe           |    17 |   133 |   262 ||   412
  Throw: Boomerang         |       |     5 |       ||     5
         Javelin           |       |       |     3 ||     3
  Evoke: Wand              |       |       |     1 ||     1
    Use: Potion            |       |       |     2 ||     2
   Stab: Invisible         |       |       |     2 ||     2
 Armour: Robe              |     4 |       |       ||     4
         Scale mail        |    11 |    30 |       ||    41
         Chain mail        |       |    24 |   183 ||   207
  Dodge: Dodged            |    38 |    49 |   139 ||   226
